AoeStats
← Jeffrey Epsteins urologist

Arabia

509034188Analyzed
1v1 RM · 7d ago on Sep 25, 2026· 36m 16s· 2 players
Game mode
Random Map
Map size
Tiny (2 player)
Population
200
Speed
Normal
Resources
Standard
Victory
Conquest
Starting age
Dark Age
Ending age
Imperial Age
RankedLock teamsTeams togetherTeam positionsShared explorationLock speedFull tech treeHidden civsTurbo modeCheats
Victory
Defeat
🇦🇷 Britons · Argentina
980
+15
🇩🇪 Celts · Germany
951
-15
Jeffrey Epsteins urologist
9:35 Feudal Age
8:05 Loom
10:10 Double-Bit Axe
19:11 Castle Age
17:14 Fletching
26:39 Sanctity
28:35 Wheelbarrow
32:53 Horse Collar
HB
3:52 Loom
9:52 Feudal Age
10:37 Double-Bit Axe
13:22 Fletching
21:38 Castle Age
19:56 Horse Collar
20:18 Padded Archer Armor
21:32 Stone Mining
21:34 Gold Mining
22:31 Wheelbarrow
22:34 Bow Saw
21:45 Crossbowman
24:39 Bodkin Arrow
24:59 Leather Archer Armor
25:05 Light Cavalry
28:14 Ballistics
31:08 Treadmill Crane
32:27 Masonry
32:47 Hand Cart
32:18 Town Watch
Connection lost

Rejoining the realm…

Still unreachable

The connection could not be restored.

Session expired

The server has moved on; the page needs a fresh start.